AoeStats
← Overcome8853

Nomad

510380512Analyzed
3v3 RM · 18h ago on Sep 30, 2026· 64m 57s· 6 players
Game mode
Random Map
Map size
210×210
Population
200
Speed
Normal
Resources
Standard
Victory
Conquest
Starting age
Dark Age
Ending age
Imperial Age
RankedLock teamsTeams togetherTeam positionsShared explorationLock speedFull tech treeHidden civsTurbo modeCheats
Victory
Defeat
🇨🇭 Vietnamese · Switzerland
695
+15
🇨🇭 Bohemians · Switzerland
639
+18
🇷🇺 Spanish · Russia
616
+18
🇭🇺 Huns · Hungary
693
-34
🇭🇺 Magyars · Hungary
681
-17
🇭🇺 Bohemians · Hungary
659
-16
MetBlue
12:20 Loom
15:19 Feudal Age
16:02 Fishing Lines
16:13 Double-Bit Axe
18:36 Arson
23:11 Wheelbarrow
26:11 Castle Age
27:23 Husbandry
27:26 Caravan
28:09 Horse Collar
29:04 Gillnets
30:33 Forging
32:28 Hand Cart
33:44 Iron Casting
35:26 Scale Barding Armor
35:22 Scale Mail Armor
36:02 Bow Saw
36:04 Town Watch
39:02 Imperial Age
38:46 Chemistry
38:57 Town Patrol
39:55 Cavalier
41:20 Conscription
41:43 Chain Barding Armor
42:58 Squires
42:57 Pikeman
44:49 Blast Furnace
46:40 Chain Mail Armor
46:01 Halberdier
48:40 Medium Warships
51:48 Plate Mail Armor
51:09 Fletching
51:20 Padded Archer Armor
58:10 Houfnice
64:36 Elite Hussite Wagon
65:22 Wagenburg Tactics
Anubis
4:39 Loom
17:10 Feudal Age
26:24 Castle Age
25:12 Horse Collar
25:27 Gold Mining
30:51 Stone Mining
34:40 Fortified Wall
35:05 Caravan
36:04 Ballistics
36:48 Stone Shaft Mining
36:19 Heavy Plow
40:03 Murder Holes
40:19 Masonry
44:31 Imperial Age
42:39 Wheelbarrow
44:09 Forging
43:50 Fletching
44:00 Padded Archer Armor
44:00 Scale Mail Armor
44:06 Scale Barding Armor
46:13 Chemistry
44:58 Arrowslits
45:44 Architecture
45:53 Iron Casting
45:14 Bodkin Arrow
45:34 Leather Archer Armor
45:08 Double-Bit Axe
44:50 Elite Conquistador
46:06 Hoardings
49:19 Hand Cart
49:17 Bow Saw
54:12 Blast Furnace
53:13 Bracer
53:43 Ring Archer Armor
53:29 Chain Mail Armor
53:34 Chain Barding Armor
55:30 Two-Man Saw
54:38 Cavalier
55:18 Husbandry
54:52 Light Cavalry
56:04 Bloodlines
56:08 Paladin
58:51 Plate Barding Armor
58:47 Plate Mail Armor
63:02 Sanctity
62:53 Fervor
TiSkery
15:12 Feudal Age
15:42 Double-Bit Axe
16:17 Horse Collar
17:17 Wheelbarrow
17:27 Fishing Lines
19:28 Town Watch
20:56 Gold Mining
21:26 Stone Mining
24:51 Castle Age
23:36 Stone Mining
27:05 Hand Cart
29:25 Scale Mail Armor
29:36 Forging
29:16 Fletching
29:27 Padded Archer Armor
29:32 Scale Barding Armor
30:49 Stone Shaft Mining
30:06 Gillnets
29:47 Pikeman
30:28 Squires
30:13 Arson
32:35 Bloodlines
31:45 Light Cavalry
35:25 Caravan
40:53 Imperial Age
38:25 Elite Skirmisher
40:29 Ballistics
40:19 Fortified Wall
40:23 Husbandry
41:43 Onager
42:04 Halberdier
42:51 Imperial Skirmisher
52:25 Paper Money
52:29 Leather Archer Armor
52:50 Iron Casting
52:32 Chain Mail Armor
53:36 Chemistry
60:14 Elite Fire Lancer
62:16 Elite Rattan Archer
Overcome8853
17:13 Feudal Age
21:45 Horse Collar
24:58 Castle Age
23:42 Double-Bit Axe
23:27 Man-at-Arms
25:00 Crossbowman
26:09 Squires
27:08 Thumb Ring
32:32 Padded Archer Armor
32:45 Forging
32:28 Fletching
34:01 Bow Saw
34:57 Heavy Plow
35:06 Caravan
39:33 Wheelbarrow
39:56 Iron Casting
39:38 Leather Archer Armor
39:20 Bodkin Arrow
39:28 Scale Mail Armor
39:33 Scale Barding Armor
41:02 Pikeman
45:01 Imperial Age
43:13 Wheelbarrow
47:21 Fishing Lines
49:02 Elite Tarkan
49:47 Marauders
49:19 Cavalier
50:01 Husbandry
53:37 Hand Cart
54:03 Ballistics
54:40 Light Cavalry
55:31 Bloodlines
Pufci2011
5:03 Loom
20:20 Feudal Age
20:51 Horse Collar
22:52 Double-Bit Axe
27:03 Castle Age
33:56 Ballistics
34:36 Chemistry
33:40 Heavy Plow
33:53 Bow Saw
37:52 Imperial Age
38:00 Elite Hussite Wagon
42:46 Houfnice
51:58 Hussite Reforms
56:04 Man-at-Arms
56:05 Pikeman
56:46 Squires
56:32 Arson
Scrap
3:38 Loom
21:39 Feudal Age
24:03 Wheelbarrow
26:04 Castle Age
24:15 Horse Collar
24:28 Stone Mining
24:29 Gold Mining
25:07 Double-Bit Axe
27:40 Hand Cart
28:24 Bow Saw
30:42 Gold Shaft Mining
31:16 Corvinian Army
31:32 Scale Barding Armor
34:49 Chain Barding Armor
39:30 Imperial Age
39:32 Elite Magyar Huszar
40:14 Recurve Bow
40:35 Conscription
42:40 Plate Barding Armor
44:42 Hoardings
49:47 Town Watch
51:20 Chemistry
50:41 Ballistics
50:26 Padded Archer Armor
51:30 Heavy Scorpion
57:18 Heavy Plow
62:54 Sappers
Connection lost

Rejoining the realm…

Still unreachable

The connection could not be restored.

Session expired

The server has moved on; the page needs a fresh start.